 Dungeon Crawl Stone Soup version 0.27-a0-1084-g78b3836a5f (webtiles) character file.

Game seed: 6049753423920492387

301 tardwrangler69 the Poker (level 6, -2/48 HPs)
             Began as a Merfolk Gladiator on Apr 26, 2021.
             Was an Initiate of Okawaru.
             Slain by an iguana (10 damage)
             ... on level 4 of the Dungeon.
             The game lasted 00:03:29 (3385 turns).

tardwrangler69 the Poker (Merfolk Gladiator)        Turns: 3385, Time: 00:03:30

Health: -2/48      AC:  9    Str: 16    XL:     6   Next: 37%
Magic:  6/6        EV: 13    Int:  8    God:    Okawaru [......]
Gold:   84         SH:  0    Dex: 15    Spells: 5/5 levels left

rFire    . . .     SeeInvis .   a - +0 trident
rCold    . . .     Faith    .   (no shield)
rNeg     . . .     Spirit   .   e - +2 ring mail {Will+}
rPois    .         Reflect  .   c - +0 helmet
rElec    .         Harm     .   (no cloak)
rCorr    .         Rampage  .   t - +0 pair of gloves
Will     +....                  (no boots)
Stlth    +.........             (no amulet)
HPRegen  0.16/turn              j - ring of flight
MPRegen  0.10/turn              (no ring)

@: flying
A: (nimble swimmer 2), mertail
a: Renounce Religion


You were on level 4 of the Dungeon.
You worshipped Okawaru.
Okawaru was noncommittal.
You visited 1 branch of the dungeon, and saw 4 of its levels.

You collected 189 gold pieces.
You spent 105 gold pieces at shops.

Inventory:

Hand Weapons
 a - a +0 trident (weapon)
Missiles
 d - 3 throwing nets (quivered)
Armour
 c - a +0 helmet (worn)
 e - a +2 ring mail of willpower (worn)
 t - a +0 pair of gloves (worn)
Jewellery
 j - a ring of flight (left hand)
 v - an amulet of guardian spirit
Wands
 l - a wand of polymorph (8)
 p - a wand of iceblast (6)
Scrolls
 b - 3 scrolls of enchant weapon {unknown}
 h - a scroll of acquirement {unknown}
 i - a scroll of vulnerability {unknown}
 m - a scroll of fog {unknown}
 n - a scroll of magic mapping {unknown}
 o - 4 scrolls of identify
 q - a scroll of blinking {unknown}
 s - 5 scrolls of teleportation
 y - a scroll of enchant armour {unknown}
Potions
 f - a potion of ambrosia {unknown}
 g - 5 potions of curing {unknown}
 k - a potion of mutation {unknown}
 r - a potion of brilliance {unknown}
 u - a potion of heal wounds
 w - 2 potions of lignification {unknown}
 x - a potion of flight {unknown}


   Skills:
 + Level 4.0 Fighting
 * Level 7.7 Polearms
 - Level 2.0 Throwing
 + Level 5.7 Dodging


You had 5 spell levels left.
You didn't know any spells.
Your spell library was empty.

Dungeon Overview and Level Annotations

Branches:
Dungeon (4/15)
 Temple: D:4-7

Altars:
Okawaru
Qazlal

Shops:
D:3 ?   D:4 *!


Innate Abilities, Weirdness & Mutations

((You are quick and stealthy near water. (Stealth+, EV+, Speed+++)))
Your lower body shifts to a powerful aquatic tail in water.


Message History

You are too injured to fight recklessly!
You are too injured to fight recklessly!
You are too injured to fight recklessly!
You are too injured to fight recklessly!
You are too injured to fight recklessly!
You are too injured to fight recklessly!
You are too injured to fight recklessly!
You are too injured to fight recklessly!
You are too injured to fight recklessly!
You are too injured to fight recklessly!
There is an open door here.
You hit the phantom.
The phantom is lightly damaged.
The phantom barely misses you.
You hit the phantom but do no damage.
The phantom is lightly damaged.
The phantom hits you but does no damage.
The dart slug barely misses you.
You hit the dart slug but do no damage. The phantom barely misses you.
You hit the dart slug but do no damage. The dart slug bites you.
The phantom hits you.
The phantom blinks!
You blink.
You hit the phantom but do no damage.
The phantom is lightly damaged.
The orc barely misses you.
The phantom hits you but does no damage.
There is an open door here.
You closely miss the phantom.
The phantom is lightly damaged.
The phantom hits you.
* * * LOW HITPOINT WARNING * * *
You hit the iguana.
The iguana is severely wounded.
The orc hits you from afar with a +0 trident.
* * * LOW HITPOINT WARNING * * *
The iguana misses you. The phantom closely misses you.
An adder skeleton comes into view.
You hit the iguana but do no damage.
The iguana is severely wounded.
The iguana bites you!
You die...

>..........##........#')..#.####.
##########.###........###(#......
##..#.#.........####..####
##...#.'#...8.......'..#
#....#.#.........####..#
#....###..o.....## #..#
#....##...W....#'.. #..#
##..)'...#l#...#... #.##
##..#####@##..# ..##.# ##### #).#
#Z..##.# .##.# ....# ##.#
......#.# #.# ###.# #.#########'#
#.# ###.######........
.......<...#......
###..........##### ############


You could see a phantom, an iguana, an orc and an adder skeleton.

Vanquished Creatures
  An ogre (D:4)
  2 jellies (D:4)
  An orc wizard (D:4)
  An iguana (D:4)
  4 adders
  A dart slug (D:2)
  14 orcs
  2 ball pythons
  7 endoplasms
  2 giant cockroaches
  4 hobgoblins
  A jackal (D:2)
  5 bats
  4 frilled lizards
  5 goblins
  3 kobolds
  8 rats
65 creatures vanquished.

Notes
Turn   | Place    | Note
-------+----------+-------------------------------------------
     0 | D:1      | tardwrangler69 the Merfolk Gladiator began the quest for
                  | the Orb.
     0 | D:1      | Reached XP level 1. HP: 16/16 MP: 1/1
   279 | D:1      | Reached XP level 2. HP: 23/23 MP: 2/2
   758 | D:1      | Reached skill level 5 in Polearms
  1195 | D:2      | Reached XP level 3. HP: 26/28 MP: 3/3
  1938 | D:3      | Found Vatixoq's Magic Scroll Shop.
  2038 | D:3      | Reached XP level 4. HP: 35/35 MP: 4/4
  2219 | D:3      | Reached skill level 6 in Polearms
  2343 | D:4      | Reached skill level 5 in Dodging
  2343 | D:4      | Reached XP level 5. HP: 41/41 MP: 5/5
  2499 | D:4      | Reached skill level 7 in Polearms
  2830 | D:4      | Found Pusan's General Store.
  2837 | D:4      | Bought a scroll of teleportation for 33 gold pieces
  2837 | D:4      | Bought a scroll of identify for 22 gold pieces
  2893 | D:4      | Found a stormy altar of Qazlal.
  2930 | D:4      | Found Uzeximeu's Distillery.
  2937 | D:4      | Bought a potion of heal wounds for 50 gold pieces
  3022 | D:4      | Noticed an ogre
  3151 | D:4      | Found an iron altar of Okawaru.
  3170 | D:4      | Became a worshipper of Warmaster Okawaru
  3340 | D:4      | Killed an ogre
  3341 | D:4      | Reached XP level 6. HP: 48/48 MP: 6/6
  3385 | D:4      | Slain by an iguana

Illustrated notes

Levels and vault maps discovered:
D:1:      lightli_arrival_statuegarden, layout_basic, st_stairs_9
D:2:      layout_basic, minmay_tripent
D:3:      layout_basic, serial_shops, nicolae_shop_crystal
D:4:      layout_loops_ring, old_standard_altar, lemuel_tele_altar, temple_hall,
          serial_shops, shop, nicolae_shop_competitors_out_of_business,
          minmay_pentangle

Skill      XL: |  1  2  3  4  5 |
---------------+----------------+-----
Polearms       | 5 6 7 |  7.7
Fighting       | 3 4 |  4.0
Dodging        | 5 |  5.7
Throwing       | |  2.0

Action                   |  1- 3 |  4- 6 || total
-------------------------+-------+-------++-------
Melee: Trident           |   107 |   117 ||   224
Evoke: Wand              |       |     3 ||     3
Armor: Ring mail         |    34 |    30 ||    64
Dodge: Dodged            |    47 |    47 ||    94

Table legend: (Time is in decaauts)
 A = Elapsed time spent in this place.
 B = Non-inter-level travel time spent in this place.
 C = Inter-level travel time spent in this place.
 D = Time resting spent in this place.
 E = Time spent auto-exploring this place.
 F = Levels seen in this place.
 G = Mean time per level.
                   A        B        C        D        E       F      G
               +--------+--------+--------+--------+--------+-----+--------+
         Total |   3385 |   3169 |    216 |      0 |   2684 |   4 |  846.2 |
       Dungeon |   3385 |   3169 |    216 |      0 |   2684 |   4 |  846.2 |
               +--------+--------+--------+--------+--------+-----+--------+

Top non-repeatable levels by time:
     D:1: 1139 daAuts
     D:4: 964 daAuts
     D:3: 751 daAuts
     D:2: 530 daAuts
